 Dungeon Sprint DCSS version 0.22-a0-456-g11ed031 (webtiles) character file.

24578 Kidiri the Fighter (level 12, -6/105 HPs)
             Began as a Demonspawn Transmuter on June 6, 2018.
             Was the Champion of Sif Muna.
             Mangled by a deep troll earth mage (20 damage)
             ... in the Dungeon (Sprint IX: "|||||||||||||||||||||||||||||").
             The game lasted 00:17:23 (4178 turns).

Kidiri the Fighter (Demonspawn Transmuter)          Turns: 4178, Time: 00:17:24

Health: -6/105     AC: 13    Str: 14    XL:     12   Next: 81%
Magic:  25/25      EV: 21    Int: 17    God:    Sif Muna [******]
Gold:   1679       SH:  0    Dex: 19    Spells: 5/29 levels left

rFire    . . .     SeeInvis .     - Unarmed
rCold    . . .     Gourm    .   (shield currently unavailable)
rNeg     . . .     Faith    .   z - +0 acid dragon scales
rPois    .         Spirit   .   (helmet unavailable)
rElec    .         Reflect  .   d - +1 cloak
rCorr    +         Harm     .   (gloves currently unavailable)
MR       .....     NoTele   +   v - +1 pair of boots
Stlth    ++++......             i - amulet of regeneration
HPRegen  0.67/turn              o - +3 ring of dexterity
MPRegen  0.19/turn              p - +3 ring of intelligence

@: blade hands
A: horns 3, demonic guardian 2, powered by pain 1
a: End Transformation, Divine Energy, Channel Magic, Forget Spell, Renounce
Religion


You were in the Dungeon.
You worshipped Sif Muna.
Sif Muna was exalted by your worship.
You were not hungry.
You had blades for hands.
You visited 1 branch You collected 1924 gold pieces.
You spent 245 gold pieces at shops.

Inventory:

Missiles
 a - 12 arrows
 q - 2 tomahawks (quivered)
Armour
 d - a +1 cloak (worn)
 v - a +1 pair of boots (worn)
 z - +0 acid dragon scales (worn)
Jewellery
 i - an amulet of regeneration (around neck)
 o - a +3 ring of dexterity (left scythe-like blade)
 p - a +3 ring of intelligence (right scythe-like blade)
 u - an uncursed ring of protection from magic
 x - an uncursed ring of protection from magic
 y - an uncursed ring of ice
Wands
 k - a wand of clouds (6)
 n - a wand of iceblast (6)
Scrolls
 j - 8 scrolls of blinking
 l - 3 scrolls of remove curse
 m - 2 scrolls of amnesia
 s - 2 scrolls of identify
 t - 2 scrolls of fear
 w - a scroll of fog
 C - 2 scrolls of enchant weapon
Potions
 c - a potion of might
 e - 7 potions of curing
 f - 2 potions of brilliance
 g - a potion of haste
 h - 4 potions of magic
 B - 3 potions of agility
Comestibles
 r - 9 rations


   Skills:
 * Level 13.5 Fighting
 + Level 9.0 Armour
 * Level 12.5 Dodging
 + Level 9.7 Stealth
 * Level 12.6 Unarmed Combat
 + Level 9.3 Spellcasting
 * Level 12.5 Transmutations
 + Level 7.7 Ice Magic
 + Level 9.4 Poison Magic
 - Level 6.0 Invocations


You had 5 spell levels left.
You knew the following spells:

 Your Spells              Type           Power        Failure   Level  Hunger
a - Beastly Appendage     Tmut           ######       6%          1    None
b - Sticks to Snakes      Tmut           ######..     7%          2    None
c - Spider Form           Tmut/Pois      #####.....   11%         3    None
d - Ice Form              Ice/Tmut       #####...     21%         4    ###....
e - Blade Hands           Tmut           ######....   21%         5    #####..
f - Alistair's Intoxicat  Tmut/Pois      #####...     28%         5    #####..
g - Olgreb's Toxic Radia  Pois           #####...     24%         4    ###....

Your spell library contained the following spells:

 Spells                   Type           Power        Failure   Level  Hunger
 Cause Fear               Hex            #.........   97%         4    ###....
 Fireball                 Conj/Fire      #.........   100%        5    #####..
 Apportation              Tloc           #.....       50%         1    None
 Bolt of Magma            Conj/Fire/Erth #.........   100%        5    #####..
 Invisibility             Hex            #.......     100%        6    ######.
 Throw Flame              Conj/Fire      #.....       61%         2    None
 Summon Ice Beast         Ice/Summ       ###.....     67%         4    ###....
 Poison Arrow             Conj/Pois      ###.......   99%         6    ######.
 Sting                    Conj/Pois      ###.         21%         1    None
 Tukima's Dance           Hex            #.......     77%         3    None
 Summon Greater Demon     Summ           #.........   100%        7    #######
 Stone Arrow              Conj/Erth      #.....       77%         3    None
 Recall                   Summ/Tloc      N/A          77%         3    None
 Glaciate                 Conj/Ice       ###.......   100%        9    #######
 Summon Butterflies       Summ           #.......     50%         1    None
 Dispersal                Tloc           #.........   100%        6    ######.
 Corona                   Hex            #......      50%         1    None
 Conjure Ball Lightning   Conj/Air       #.........   100%        6    ######.
 Iskenderun's Battlesphe  Conj/Chrm      #.......     100%        5    #####..
 Fulminant Prism          Conj/Hex       #.........   97%         4    ###....
 Searing Ray              Conj           #.....       61%         2    None
 Dragon's Call            Summ           #.........   100%        9    #######
 Lesser Beckoning         Tloc           #.........   77%         3    None
 Poisonous Vapours        Pois/Air       ###...       24%         2    None


Dungeon Overview and Level Annotations

Branches:
Dungeon (1/1)

Altars:
Cheibriados
Dithmenos
Elyvilon
Fedhas
Gozag
Hepliaklqana
Kikubaaqudgha
Makhleb
Nemelex Xobeh
Okawaru
Qazlal
Ru
Sif Muna
Trog
Uskayaw
Vehumet
Wu Jian
Xom
Yredelemnul
Zin
The Shining One
Beogh
Jiyva
Lugonu

Shops:
D ?%[(


Innate Abilities, Weirdness & Mutations

You have a pair of large horns on your head.
A demonic guardian rushes to your aid.
You sometimes gain a little power by taking damage.


Message History

The fireball explodes!
The fireball engulfs you!
Ouch! That really hurt!
* * * LOW HITPOINT WARNING * * *
You focus on the pain.
You feel your power returning. The fireball engulfs your sixfirhy.
Your sixfirhy dies!
The fireball engulfs the fire giant.
The fire giant resists.
The fire giant dies!
Your Armour skill increases to level 9!
The deep troll earth mage completely misses you.
The deep troll earth mage closely misses you.
The deep troll earth mage claws you.
* * * LOW HITPOINT WARNING * * *
Things that are here:
a great sword of flaming; a +1 demon whip of venom You hit the deep troll earth mage.
You headbutt the deep troll earth mage, but do no damage.
The deep troll earth mage is lightly wounded.
The deep troll earth mage bites you!!
You die...

▓.▓.▓)▓.▓|▓.▓.▓
▓)▓.▓)▓.▓.▓.▓.▓
▓)▓.▓.▓.▓.▓.▓'▓
▓)▓.▓)▓.▓.▓.▓_▓
▓)▓.▓)▓)▓.▓.▓_▓
▓)▓.▓)▓.▓.▓.▓_▓
▓)▓.▓.▓.▓.▓.▓_▓
▓)▓.▓.▓.▓'▓.▓_▓
▓@▓.▓.▓.▓.▓.▓_▓
▓T▓.▓(▓.▓.▓.▓_▓
▓.▓.▓.▓.▓.▓.▓_▓
▓[▓.▓.▓.▓.▓.▓_▓
▓[▓.▓.▓.▓.▓.▓_▓
▓[▓.▓)▓.▓.▓.▓_▓
▓[▓.▓(▓.▓.▓.▓_▓
▓[▓.▓)▓.▓.▓.▓_▓
▓.▓.▓)▓.▓†▓.▓_▓


You could see a deep troll earth mage.

Vanquished Creatures
  An ice dragon (D)
  A hydra (D)
  A catoblepas (D)
  4 ogre magi (D)
  A death knight (D)
  4 death yaks (D)
  6 two-headed ogres (D)
  An orc high priest (D)
  A tengu warrior (D)
  An unseen horror (D)
  4 orc knights (D)
  An elephant (D)
  2 black mambas (D)
  Maurice (D)
  A gargoyle (D)
  A komodo dragon (shapeshifter) (D)
  A rime drake (D)
  A spiny frog (D)
  2 komodo dragons (D)
  A polar bear (D)
  A troll (D)
  A hippogriff (D)
  A wraith (D)
  4 yaks (D)
  2 wyverns (D)
  Grum (D)
  3 porcupines (D)
  A water moccasin (D)
  13 orc warriors (D)
  A sky beast (D)
  A black bear (D)
  4 ogres (D)
  3 wolves (D)
  A centaur (D)
  A crocodile (D)
  A big kobold (D)
  2 bullfrogs (D)
  A scorpion (D)
  2 crimson imps (D)
  An orc priest (D)
  3 orc wizards (D)
  An adder (D)
  7 orcs (D)
  A bat (D)
  A bat zombie (D)
  2 giant cockroaches (D)
  A hobgoblin (D)
  A ball python (D)
  2 rats (D)
100 creatures vanquished.

Vanquished Creatures (collateral kills)
  Josephine (D)
  A hydra (D)
  An orc knight (D)
  An ugly thing (D)
  A slime creature (D)
  4 wraiths (D)
9 creatures vanquished.

Vanquished Creatures (others)
  A fire giant (D)
1 creature vanquished.

Grand Total: 110 creatures vanquished

Notes
Turn   | Place    | Note
-------+----------+-------------------------------------------
     0 | D        | Kidiri the Demonspawn Transmuter began the quest for the Orb.
     0 | D        | Reached XP level 1. HP: 15/15 MP: 3/3
   124 | D        | Noticed a crimson imp
   124 | D        | Noticed an orc wizard
   140 | D        | Gained mutation: You sometimes gain a little power by taking damage. [demonic ancestry]
   140 | D        | Reached XP level 2. HP: 17/22 MP: 5/5
   146 | D        | Reached skill level 2 in Fighting
   146 | D        | Reached skill level 1 in Armour
   146 | D        | Reached skill level 1 in Stealth
   146 | D        | Mutation became permanent: You have a pair of small horns on your head. [demonic ancestry]
   146 | D        | Gained mutation: You have a pair of horns on your head. [demonic ancestry]
   146 | D        | Reached XP level 3. HP: 14/28 MP: 4/6
   148 | D        | Reached skill level 3 in Fighting
   148 | D        | Reached XP level 4. HP: 17/35 MP: 4/8
   157 | D        | Found a roughly hewn altar of Beogh.
   157 | D        | Found a snail-covered altar of Cheibriados.
   157 | D        | Found a shadowy altar of Dithmenos.
   157 | D        | Found a white marble altar of Elyvilon.
   157 | D        | Found a blossoming altar of Fedhas.
   157 | D        | Found an opulent altar of Gozag.
   158 | D        | Found a hazy altar of Hepliaklqana.
   159 | D        | Found a viscous altar of Jiyva.
   160 | D        | Found an ancient bone altar of Kikubaaqudgha.
   161 | D        | Found a corrupted altar of Lugonu.
   162 | D        | Found a burning altar of Makhleb.
   163 | D        | Found a sparkling altar of Nemelex Xobeh.
   164 | D        | Found an iron altar of Okawaru.
   165 | D        | Found a stormy altar of Qazlal.
   166 | D        | Found a sacrificial altar of Ru.
   167 | D        | Found a deep blue altar of Sif Muna.
   168 | D        | Found a bloodstained altar of Trog.
   169 | D        | Found a hide-covered altar of Uskayaw.
   170 | D        | Found a radiant altar of Vehumet.
   171 | D        | Found an ornate altar of the Wu Jian Council.
   172 | D        | Found a shimmering altar of Xom.
   173 | D        | Found a basalt altar of Yredelemnul.
   174 | D        | Found a glowing silver altar of Zin.
   175 | D        | Became a worshipper of Sif Muna the Loreminder
   176 | D        | Found a glowing golden altar of the Shining One.
   215 | D        | Learned a level 2 spell: Sticks to Snakes
   219 | D        | Learned a level 3 spell: Spider Form
   336 | D        | Noticed a big kobold
   336 | D        | Noticed a black bear
   344 | D        | Killed a big kobold
   344 | D        | Reached skill level 4 in Fighting
   344 | D        | Reached skill level 1 in Poison Magic
   344 | D        | Reached XP level 5. HP: 41/42 MP: 6/9
   346 | D        | Reached * piety under Sif Muna
   346 | D        | Reached skill level 5 in Unarmed Combat
   376 | D        | Killed a black bear
   376 | D        | Reached skill level 5 in Fighting
   376 | D        | Reached skill level 5 in Dodging
   376 | D        | Reached skill level 5 in Transmutations
   376 | D        | Reached XP level 6. HP: 44/51 MP: 6/11
   446 | D        | Learned a level 5 spell: Blade Hands
   802 | D        | Noticed a gargoyle
   802 | D        | Noticed a sky beast
   802 | D        | Noticed a troll
   802 | D        | Noticed a yak
   802 | D        | Noticed a five-headed hydra
   804 | D        | Killed a gargoyle
   804 | D        | Reached ** piety under Sif Muna
   804 | D        | Reached skill level 6 in Fighting
   804 | D        | Gained mutation: A weak demonic guardian rushes to your aid. [demonic ancestry]
   804 | D        | Reached XP level 7. HP: 59/59 MP: 6/13
   948 | D        | Learned a level 4 spell: Ice Form
   965 | D        | Killed a troll
   965 | D        | Reached *** piety under Sif Muna
   965 | D        | Reached skill level 7 in Fighting
   965 | D        | Reached skill level 5 in Spellcasting
   965 | D        | Reached skill level 1 in Ice Magic
  1048 | D        | Killed a yak
  1048 | D        | Reached skill level 5 in Stealth
  1048 | D        | Reached XP level 8. HP: 67/67 MP: 9/15
  1074 | D        | Killed a five-headed hydra
  1074 | D        | Reached **** piety under Sif Muna
  1074 | D        | Reached skill level 8 in Fighting
  1074 | D        | Reached skill level 5 in Armour
  1343 | D        | Gained mutation: You are frail. (-10% HP) [potion of mutation]
  1343 | D        | Lost mutation: You are frail. (-10% HP) [potion of mutation]
  1345 | D        | Noticed a komodo dragon
  1345 | D        | Noticed a black mamba
  1345 | D        | Noticed a komodo dragon
  1349 | D        | Killed a komodo dragon
  1349 | D        | Gained mutation: You have a pair of horns on your head. [demonic ancestry]
  1349 | D        | Reached XP level 9. HP: 52/75 MP: 11/17
  1350 | D        | Reached skill level 5 in Poison Magic
  1358 | D        | Killed a black mamba
  1361 | D        | Reached skill level 9 in Fighting
  1368 | D        | Killed a komodo dragon
  1368 | D        | Reached ***** piety under Sif Muna
  1381 | D        | Identified Sif Muna's Almanac of Bewitchment and the Arsonist (Sif Muna gifted it to you in the Dungeon)
  1381 | D        | Received a gift from Sif Muna
  1625 | D        | Noticed a four-headed hydra
  1625 | D        | Noticed a spiny frog
  1625 | D        | Noticed an elephant
  1625 | D        | Noticed a rime drake
  1626 | D        | Noticed a black mamba
  1630 | D        | Killed a seven-headed hydra
  1630 | D        | Reached XP level 10. HP: 30/84 MP: 19/19
  1861 | D        | Killed a spiny frog
  1861 | D        | Reached skill level 1 in Invocations
  1867 | D        | Killed an elephant
  1867 | D        | Reached skill level 10 in Fighting
  1870 | D        | Killed a black mamba
  1875 | D        | Received a gift from Sif Muna
  1985 | D        | Noticed a catoblepas
  1985 | D        | Noticed a death yak
  1985 | D        | Noticed a death yak
  1985 | D        | Noticed a death yak
  1985 | D        | Noticed a death yak
  1989 | D        | Killed a catoblepas
  2233 | D        | Learned a level 5 spell: Alistair's Intoxication
  2358 | D        | Killed a death yak
  2358 | D        | Reached skill level 10 in Dodging
  2358 | D        | Reached skill level 10 in Unarmed Combat
  2358 | D        | Reached skill level 5 in Ice Magic
  2364 | D        | Killed a death yak
  2364 | D        | Reached skill level 10 in Transmutations
  2369 | D        | Killed a death yak
  2369 | D        | Reached skill level 11 in Fighting
  2369 | D        | Gained mutation: A demonic guardian rushes to your aid. [demonic ancestry]
  2369 | D        | Reached XP level 11. HP: 67/93 MP: 13/22
  2379 | D        | Killed a death yak
  2379 | D        | Reached skill level 5 in Invocations
  2567 | D        | Noticed Maurice
  2580 | D        | Killed Maurice
  2654 | D        | Noticed Grum
  2657 | D        | Identified Sif Muna's Incunabulum of Supportive Intoxication (Sif Muna gifted it to you in the Dungeon)
  2657 | D        | Received a gift from Sif Muna
  2663 | D        | Killed Grum
  2678 | D        | Learned a level 4 spell: Olgreb's Toxic Radiance
  2713 | D        | Noticed an orc knight
  2717 | D        | Noticed an orc high priest
  2722 | D        | Noticed an orc knight
  2724 | D        | Killed an orc knight
  2727 | D        | Killed an orc high priest
  2736 | D        | Killed an orc knight
  2802 | D        | Noticed an orc knight
  2802 | D        | Noticed an orc knight
  2812 | D        | Killed an orc knight
  2814 | D        | Identified Huis's Catalogue of Harmful Dislocation (Sif Muna gifted it to you in the Dungeon)
  2814 | D        | Received a gift from Sif Muna
  3209 | D        | Killed an orc knight
  3364 | D        | Found Irhy's Magic Scroll Emporium.
  3364 | D        | Noticed a two-headed ogre
  3364 | D        | Noticed a two-headed ogre
  3364 | D        | Noticed an ogre mage
  3364 | D        | Noticed a two-headed ogre
  3370 | D        | Killed an ogre mage
  3370 | D        | Reached skill level 12 in Fighting
  3372 | D        | Killed a two-headed ogre
  3374 | D        | Noticed an ogre mage
  3375 | D        | Killed a two-headed ogre
  3377 | D        | Found Utotzuz's Food Shoppe.
  3380 | D        | Killed a two-headed ogre
  3382 | D        | Noticed an ogre mage
  3383 | D        | Found Atwidghu's Armour Emporium.
  3389 | D        | Killed an ogre mage
  3389 | D        | Gained mutation: You have a pair of large horns on your head. [demonic ancestry]
  3389 | D        | Reached XP level 12. HP: 57/103 MP: 8/24
  3394 | D        | Killed an ogre mage
  3395 | D        | Found Malleac's Antique Weapon Shoppe.
  3421 | D        | Noticed a two-headed ogre
  3634 | D        | Noticed an ogre mage
  3635 | D        | Noticed a two-headed ogre
  3643 | D        | Killed an ogre mage
  3643 | D        | Identified Sif Muna's Handbook of Attacks (Sif Muna gifted it to you in the Dungeon)
  3643 | D        | Received a gift from Sif Muna
  3644 | D        | Killed a two-headed ogre
  3647 | D        | Killed a two-headed ogre
  3647 | D        | Reached ****** piety under Sif Muna
  3684 | D        | Bought a scroll of blinking for 75 gold pieces
  3684 | D        | Bought a scroll of enchant armour for 75 gold pieces
  3684 | D        | Bought a scroll of fog for 20 gold pieces
  3684 | D        | Bought a scroll of enchant armour for 75 gold pieces
  3766 | D        | Noticed Josephine
  3776 | D        | Killed Josephine
  4010 | D        | Noticed a death knight
  4010 | D        | Noticed a two-headed ogre
  4021 | D        | Killed a death knight
  4023 | D        | Reached skill level 13 in Fighting
  4026 | D        | Killed a two-headed ogre
  4026 | D        | Noticed an ice dragon
  4028 | D        | Noticed a tengu warrior
  4031 | D        | Received a gift from Sif Muna
  4040 | D        | Noticed a fire giant
  4042 | D        | Noticed a deep troll earth mage
  4047 | D        | Killed an ice dragon
  4051 | D        | Killed a tengu warrior
  4176 | D        | Killed a fire giant
  4178 | D        | Mangled by a deep troll earth mage

Vault maps used:
D:        linesprint

Skill      XL: |  1  2  3  4  5  6  7  8  9 10 11 12 |
---------------+-------------------------------------+-----
Dodging        | 2 3 4 5 6 7 9 10 11 12 | 12.5
Transmutations | 2 3 4 5 6 7 9 10 11 12 | 12.5
Unarmed Combat | 3 4 5 6 7 8 9 10 11 12 | 12.6
Fighting       | 2 3 4 5 6 7 8 9 11 12 13 | 13.5
Armour         | 1 2 3 4 5 6 7 8 9 |  9.0
Stealth        | 1 2 3 4 5 6 7 8 9 |  9.7
Spellcasting   | 3 4 5 6 7 8 9 |  9.3
Poison Magic   | 1 2 3 4 5 7 8 9 |  9.4
Ice Magic      | 1 2 4 5 6 7 |  7.7
Invocations    | 4 6 |  6.0

Action                   |  1- 3 |  4- 6 |  7- 9 | 10-12 || total
-------------------------+-------+-------+-------+-------++-------
Melee: Unarmed           |    28 |    19 |    41 |   185 ||   273
       Headbutt          |     3 |       |    10 |    47 ||    60
       Punch             |     1 |       |     3 |     8 ||    12
       Kick              |     1 |       |       |       ||     1
 Cast: Beastly Appendage |     3 |       |       |       ||     3
       Spider Form       |       |     2 |       |       ||     2
       Blade Hands       |       |     1 |     5 |    15 ||    21
       Ice Form          |       |       |     1 |       ||     1
       Alistair's Intoxi |       |       |       |    10 ||    10
       Olgreb's Toxic Ra |       |       |       |     6 ||     6
 Abil: End Transformatio |       |       |     1 |       ||     1
Evoke: Wand              |       |       |     4 |       ||     4
  Use: Potion            |       |     2 |     5 |     1 ||     8
       Scroll            |       |     1 |       |     2 ||     3
 Stab: Sleeping          |       |       |     1 |     1 ||     2
       Invisible         |       |       |       |     5 ||     5
       Confused          |       |       |       |     2 ||     2
  Eat: Ration            |       |       |     1 |     2 ||     3
       Chunk             |       |       |     2 |    11 ||    13
Armor: Robe              |     2 |     1 |     3 |     6 ||    12
       Skin              |       |       |     1 |       ||     1
       Acid dragon scale |       |       |       |     6 ||     6
Dodge: Dodged            |    17 |    25 |    42 |   110 ||   194

Table legend:
 A = Spawn XP
 B = Non-spawn XP
 C = Spawn XP percentage of total XP
 D = Spawn monster count
 E = Non-spawn monster count
 F = Spawn count percentage of total count
 G = Total turns spent on level
                    A         B        C        D         E        F      G
               +---------+---------+-------+---------+---------+-------+---------
         Total |       0 |   35112 |   0.0 |       0 |     110 |   0.0 |  4178
               +---------+---------+-------+---------+---------+-------+---------
             D |       0 |   35112 |   0.0 |       0 |     110 |   0.0 |  4178
               +---------+---------+-------+---------+---------+-------+---------
